 Dungeon Crawl Stone Soup version 0.32-a0-702-gc29ba85809 (webtiles) character file.

Game seed: 5830612619620277589

28 Nattfarinn the Grave Robber (level 3, 0/31 HPs)
             Began as a Mountain Dwarf Necromancer on Mar 14, 2024.
             Slain by a ribbon worm (7 damage)
             ... on level 1 of the Dungeon.
             The game lasted 00:02:20 (1243 turns).

Nattfarinn the Grave Robber (MDNe)                  Turns: 1243, Time: 00:02:21

Health: 0/31       AC:  3    Str: 12    XL:     3   Next: 0%
Magic:  4/5        EV: 10    Int: 15    God:
Gold:   98         SH:  0    Dex: 10    Spells: 4/5 levels left

rFire   . . .        k - +0 club
rCold   . . .        (no shield)
rNeg    . . .        a - +0 robe
rPois   .            e - +0 helmet
rElec   .            (no cloak)
rCorr   .            (no gloves)
SInv    .            (no boots)
Will    .....        (no amulet)
Stlth   ++           (no ring)
HPRegen 0.25/turn    (no ring)
MPRegen 0.09/turn

%: no passive effects
@: no status effects
A: runic magic, artefact enchanting
a: no special abilities


You were on level 1 of the Dungeon.
You visited 1 branch of the dungeon, and saw 2 of its levels.

You collected 98 gold pieces.

Inventory:

Hand Weapons
 k - a +0 club (weapon)
Missiles
 c - 4 javelins
Armour
 a - a +0 robe (worn)
 e - a +0 helmet (worn)
Scrolls
 d - a scroll of teleportation {unknown}
 h - a scroll of fog {unknown}
 j - a scroll of revelation {unknown}
 l - a scroll of noise {unknown}
Potions
 b - a potion of magic
 f - a potion of ambrosia {unknown}
 g - 2 potions of lignification {unknown}
 i - a potion of heal wounds {unknown}


   Skills:
 + Level 3.0 Fighting
 - Level 1.3 Dodging
 - Level 1.4 Stealth
 - Level 1.7 Spellcasting
 - Level 4.3 Necromancy


You had 4 spell levels left.
You knew the following spells:

 Your Spells              Type           Power      Damage    Failure   Level
a - Necrotise             Necr           56%        1d6       3%          1

Your spell library contained the following spells:

 Spells                   Type           Power      Damage    Failure   Level
 Vampiric Draining        Necr           14%        2d7       12%         3
 Static Discharge         Conj/Air       2%         3-4/arc   34%         2
 Animate Dead             Necr           14%        N/A       36%         4
 Airstrike                Air            0%         2d(1-17)  92%         4
 Summon Lightning Spire   Summ/Air       1%         N/A       92%         4
 Curse of Agony           Necr           14%        N/A       71%         5


Dungeon Overview and Level Annotations

Branches:
Dungeon (2/15)

Altars:


Innate Abilities, Weirdness & Mutations

Your spellcasting is much less encumbered by armour.
You can use scrolls of enchantment on lesser artefacts.


Message History

You are caught in a web!
The ribbon worm bites you.
You hit the ribbon worm but do no damage.
The ribbon worm is lightly wounded.
The ribbon worm bites you but does no damage.
You hit the ribbon worm.
The ribbon worm is moderately wounded.
The ribbon worm closely misses you.
You hit the ribbon worm.
The ribbon worm is moderately wounded.
The ribbon worm bites you.
You hit the ribbon worm.
The ribbon worm is moderately wounded.
The ribbon worm bites you.
* * * LOW HITPOINT WARNING * * *
The ribbon worm expels a string of sticky webbing.
The stream of webbing hits you but does no damage.
You are caught in a web!
There is a web here.
The web tears apart.
The ribbon worm bites you.
* * * LOW HITPOINT WARNING * * *
The ribbon worm attacks as it pursues you!
The ribbon worm closely misses you.
The ribbon worm expels a string of sticky webbing.
The stream of webbing hits you but does no damage.
You are caught in a web!
There is a web here.
You struggle to detach yourself from the web.
The web tears apart.
The ribbon worm expels a string of sticky webbing.
The stream of webbing hits you but does no damage.
You are caught in a web!
There is a web here.
You struggle to detach yourself from the web.
You struggle to detach yourself from the web.
You struggle to detach yourself from the web.
You struggle to detach yourself from the web.
The ribbon worm barely misses you.
The web tears apart.
The ribbon worm bites you!
You die...

####.######...##.#
####.# #...##.#
#....# #...##.#
#.#### #...##.#
#.# #####...##.#
###### #(#
#.......##.#
#....# #.#
#.#.....##.#
#.##.#
#.#####.#.....##w#
#.##.#
#...#.........##@#
#.##.########
#...#.#...#...##.#
#.#.........#
..†.#.#####...##.#
#.#########.#
#.#.#.# ##'###.#
#.# #.....#.#
.(#...# #.# #.#
#.# #.##..#.#
#######
#.###.###.#
#.##....#
#........(#
#....####
#####.##### ######
#.#


You could see a ribbon worm (catching breath).

Vanquished Creatures
  5 endoplasms (D:1)
  A giant cockroach (D:1)
  3 goblins (D:1)
  A hobgoblin (D:1)
  4 quokkas (D:1)
  A ball python (D:1)
  2 bats (D:1)
  2 kobolds
  5 rats (D:1)
24 creatures vanquished.

Vanquished Creatures (collateral kills)
  A rat (D:1)
1 creature vanquished.

Grand Total: 25 creatures vanquished

Notes
Turn   | Place    | Note
-------+----------+-------------------------------------------
     0 | D:1      | Nattfarinn the Mountain Dwarf Necromancer began the quest
                  | for the Orb.
     0 | D:1      | Reached XP level 1. HP: 14/14 MP: 3/3
    84 | D:1      | Reached skill level 1 in Fighting
   207 | D:1      | Reached XP level 2. HP: 21/24 MP: 0/4
  1167 | D:2      | Reached XP level 3. HP: 31/31 MP: 3/5
  1243 | D:1      | Slain by a ribbon worm

Illustrated notes

Levels and vault maps discovered:
D:1:      tarquinn_simple_flora_water_a, layout_basic, serial_bayou_lagoon_b
D:2:      layout_loops_cross, uniq_terence, uniq_natasha

Skill      XL: |  1  2 |
---------------+-------+-----
Fighting       | 1 3 |  3.0
Dodging        | |  1.3
Stealth        | |  1.4
Spellcasting   | |  1.7
Necromancy     | |  4.3

Action                     || total
---------------------------++-------
  Melee: Unarmed           ||    23
         Club              ||     5
   Cast: Necrotise         ||    48
 Armour: Robe              ||    26
  Dodge: Dodged            ||    21

Table legend: (Time is in decaauts)
 A = Elapsed time spent in this place.
 B = Non-inter-level travel time spent in this place.
 C = Inter-level travel time spent in this place.
 D = Time resting spent in this place.
 E = Time spent auto-exploring this place.
 F = Levels seen in this place.
 G = Mean time per level.
                   A        B        C        D        E       F      G
               +--------+--------+--------+--------+--------+-----+--------+
         Total |   1264 |   1214 |     50 |      0 |   1019 |   2 |  632.0 |
       Dungeon |   1264 |   1214 |     50 |      0 |   1019 |   2 |  632.0 |
               +--------+--------+--------+--------+--------+-----+--------+

Top non-repeatable levels by time:
     D:1: 1197 daAuts
     D:2: 66 daAuts
